 Dungeon Crawl Stone Soup version 0.17.1-2-g5865329 (webtiles) character file.

75 Chaznoodles the Shield-Bearer (level 4, 0/37 HPs)
             Began as a Formicid Fighter on Jan 26, 2016.
             Succumbed to an adder's poison
             ... on level 3 of the Dungeon.
             The game lasted 00:04:38 (690 turns).

Chaznoodles the Shield-Bearer (Formicid Fighter)     Turns: 690, Time: 00:04:38

Health: 0/37       AC:  7    Str: 21    XL:     4   Next: 55%
Magic:  4/4        EV:  8    Int:  8    God:
Gold:   24         SH:  9    Dex: 10    Spells: 0 memorised, 3 levels left

rFire  . . .     SeeInvis +     a - +0 flail
rCold  . . .     Clarity  .     b - +0 scale mail
rNeg   . . .     SustAt   .     c - +0 shield
rPois  .         Gourm    .     (helmet unavailable)
rElec  .         Spirit   .     (no cloak)
rCorr  .         Warding  .     (no gloves)
rMut   .         Stasis   +     (no boots)
MR     .....                    (no amulet)
Stlth  ..........               (no ring)
                                (no ring)

@: lethally poisoned (0 -> -13), not resistant to hostile enchantments,
extremely unstealthy
A: permanent stasis, dig shafts and tunnels, four strong arms, antennae 3
a: Dig, Shaft Self


You were on level 3 of the Dungeon.
You were not hungry.

You visited 1 branch of the dungeon, and saw 3 of its levels.

You collected 24 gold pieces.

Inventory:

Hand Weapons
 a - a +0 flail (weapon)
 m - a +0 hunting sling
Missiles
 h - 15 bolts
 l - 2 throwing nets (quivered)
Armour
 b - a +0 scale mail (worn)
 c - a +0 shield (worn)
 g - a +0 scale mail
Scrolls
 k - a scroll of enchant armour {unknown}
 n - a scroll of recharging {unknown}
 o - a scroll of fear {unknown}
 p - a scroll of noise {unknown}
Potions
 d - a potion of might
 f - a potion of agility {unknown}
 j - a potion of haste {unknown}
 q - a potion of poison {unknown}
Comestibles
 e - 2 bread rations


   Skills:
 + Level 4.0 Fighting
 + Level 2.6 Maces & Flails
 + Level 3.8 Armour
 + Level 1.0 Dodging
 + Level 4.1 Shields


You had 3 spell levels left.
You didn't know any spells.

Dungeon Overview and Level Annotations

Branches:
Dungeon (3/15)

Altars:


Innate Abilities, Weirdness & Mutations

You are under a permanent stasis effect.
You can dig through walls and to a lower floor.
Your four strong arms can wield two-handed weapons with a shield.
You have a pair of large antennae on your head (SInv).


Message History

You kill Ijyb!
Your Fighting skill increases to level 4!
Your Dodging skill increases to level 1!
You have reached level 4!
You feel clever.
* * * LOW HITPOINT WARNING * * *
You feel sick.
The gnoll hits you from afar with a halberd.
* * * LOW HITPOINT WARNING * * *
The adder bites you but does no damage. You block the kobold's attack.
The gnoll barely misses you.
You sock the kobold!
You kill the kobold!
* * * LOW HITPOINT WARNING * * *
You feel sick. You block the adder's attack. The adder bites you.
* * * LOW HITPOINT WARNING * * *
You are more poisoned.
The adder poisons you! The gnoll barely misses you.
A gnoll comes into view. It is wielding a spear.
You die...

.. .. .....
####.##.# .# #####
. #..g....####.#
..#....#........
.........#......
.......g........ {
........S.......
.{
.......().......
..
.......@).......
...####
............####
#....
..######.#########
#.... .
#.........# #..(.
#.........###...#
#............####
##...............
#...............
#...............


You could see 2 gnolls and an adder.

Vanquished Creatures
  Ijyb (D:3)
  3 adders
  A worm (D:2)
  A giant gecko (D:2)
  3 goblins (D:2)
  A hobgoblin (D:2)
  4 kobolds
  A quokka (D:2)
  2 bats (D:3)
  A giant newt (D:3)
  3 rats
21 creatures vanquished.

Notes
Turn   | Place    | Note
--------------------------------------------------------------
     0 | D:1      | Chaznoodles the Formicid Fighter began the quest for the Orb.
     0 | D:1      | Reached XP level 1. HP: 18/18 MP: 1/1
    74 | D:2      | Reached XP level 2. HP: 12/24 MP: 2/2
   387 | D:2      | Reached XP level 3. HP: 30/30 MP: 3/3
   637 | D:3      | Reached skill level 4 in Shields
   674 | D:3      | Noticed Ijyb
   688 | D:3      | Killed Ijyb
   688 | D:3      | Reached skill level 1 in Dodging
   688 | D:3      | Reached XP level 4. HP: 9/37 MP: 4/4
   689 | D:3      | HP: 1/37 [adder (3)]
   690 | D:3      | Succumbed to an adder's poison

Action                   |  1- 3 |  4- 6 || total
-------------------------+-------+-------++-------
Melee: Flail             |    87 |     1 ||    88
  Use: Scroll            |     1 |       ||     1
  Eat: Pizza             |     1 |       ||     1
